 Dungeon Crawl Stone Soup version 0.32-a0-933-ga8fa363 (webtiles) character file.

Game seed: 10900738731735322916

809 Ozzieoiler the Digger (level 8, -5/54 HPs)
             Began as a Formicid Earth Elementalist on Apr 14, 2024.
             Was a Priest of Fedhas.
             Slain by Duvessa
             ... wielding a +0 rapier
              (17 damage)
             ... on level 5 of the Dungeon.
             The game lasted 00:23:53 (6697 turns).

Ozzieoiler the Digger (Formicid Earth Elementalist) Turns: 6697, Time: 00:23:53

Health: -5/54      AC:  2    Str: 13    XL:     8   Next: 15%
Magic:  16/26      EV: 11    Int: 17    God:    Fedhas [***...]
Gold:   137        SH:  0    Dex: 14    Spells: 9/19 levels left

rFire   . . .        e - +1 dagger (elec)
rCold   . . .        (no shield)
rNeg    . . .        a - +0 robe
rPois   .            (helmet unavailable)
rElec   .            (no cloak)
rCorr   +            (no gloves)
SInv    +            (no boots)
Will    .....        k - amulet of magic regeneration
Stlth   ++           i - ring of magical power
HPRegen 0.29/turn    r - ring of resist corrosion
MPRegen 0.60/turn

%: no passive effects
@: very slightly contaminated
A: permanent stasis, dig shafts and tunnels, antennae 3, four strong arms
a: Dig, Shaft Self, Renounce Religion, Wall of Briars, Grow Ballistomycete


You were on level 5 of the Dungeon.
You worshipped Fedhas.
Fedhas was most pleased with you.
You visited 1 branch of the dungeon, and saw 5 of its levels.

You collected 187 gold pieces.
You spent 50 gold pieces at shops.

Inventory:

Hand Weapons
 e - a +1 dagger of electrocution (weapon)
Armour
 a - a +0 robe (worn)
Jewellery
 i - a ring of magical power (left hand)
 k - an amulet of magic regeneration (around neck)
 r - a ring of resist corrosion (right hand)
Scrolls
 c - a scroll of butterflies {unknown}
 f - 3 scrolls of teleportation
 g - a scroll of fear {unknown}
 j - a scroll of fog {unknown}
 s - a scroll of revelation {unknown}
Potions
 b - 3 potions of magic
 d - a potion of curing
 h - a potion of invisibility
 l - 3 potions of heal wounds
 m - a potion of degeneration
 n - a potion of brilliance
 o - a potion of enlightenment {unknown}
 p - a potion of might {unknown}
 q - 3 potions of lignification


   Skills:
 + Level 1.4 Fighting
 + Level 2.0 Dodging
 + Level 3.0 Stealth
 * Level 6.0 Spellcasting
 * Level 2.6 Conjurations
 * Level 7.2 Earth Magic


You had 9 spell levels left.
You knew the following spells:

 Your Spells              Type           Power      Damage    Failure   Level
a - Sandblast             Erth           58%        2d13      1%          1
b - Passwall              Erth           29%        N/A       1%          3
c - Brom's Barrelling Bo  Conj/Erth      21%        2d4       17%         4
d - Ensorcelled Hibernat  Hex/Ice        10%        N/A       19%         2

Your spell library contained the following spells:

 Spells                   Type           Power      Damage    Failure   Level
 Stone Arrow              Conj/Erth      42%        3d9       4%          3
 Momentum Strike          Conj/Tloc      18%        3d8       11%         2
 Lesser Beckoning         Tloc           10%        N/A       19%         2
 Animate Armour           Summ/Erth      34%        N/A       28%         4
 Petrify                  Alch/Erth      17%        N/A       28%         4
 Tukima's Dance           Hex            5%         N/A       36%         3
 Iskenderun's Mystic Bla Conj/Tloc 9%             2d4        (+2d1     58%         4
 Dimensional Bullseye     Hex/Tloc       2%         N/A       77%         4
 Lehudib's Crystal Spear  Conj/Erth      10%        10d4      100%        8
 Blink                    Tloc           Unusable   N/A       N/A         2
 Swiftness                Air            Unusable   N/A       N/A         3

Dungeon Overview and Level Annotations

Branches:
Dungeon (5/15)
 Temple: D:4-7

Altars:
Fedhas

Shops:
D:3 :(![[   D:4 [

Annotations:
D:5 Duvessa


Innate Abilities, Weirdness & Mutations

You cannot be hasted, slowed, berserked, paralysed or teleported.
You can dig through walls and to a lower floor.
You have a pair of large antennae on your head. (SInv)
Your four strong arms can wield two-handed weapons with a shield.


Message History

Casting: Brom's Barrelling Boulder (quite dangerous; 17% risk of failure)
Confirm with . or Enter, or press ? or * to list all spells.
Aiming: Brom's Barrelling Boulder (quite dangerous; 17% risk of failure)
Press: ? - help, Dir - move target, f/p - Duvessa
Aim: Duvessa, wielding a +0 rapier, wearing a +4 ring mail of fire resistance, quivering stones and carrying a wand of quicksilver (severely wounded, 100% to hit)
You send a boulder barrelling forward!
Dowan shouts!
Duvessa zaps a wand.
The bolt of dispelling energy hits your boulder but does no damage.
The bolt of dispelling energy hits you!
Unknown command.
The boulder barrels into Duvessa!
Duvessa is almost dead.
Duvessa is knocked back.
Dowan hits your boulder with a +0 whip.
The boulder barrels into Dowan!
You kill Dowan!
Fedhas appreciates your contribution to the ecosystem.
Duvessa weeps, and shakes her weapon.
Duvessa goes berserk!
Your Spellcasting skill increases to level 6!
Your boulder slams into a wall and explodes!
Casting: Brom's Barrelling Boulder (quite dangerous; 17% risk of failure)
Confirm with . or Enter, or press ? or * to list all spells.
Aiming: Sandblast (safe; 1% risk of failure)
Press: ? - help, Shift-Dir - straight line, f/p - Duvessa
Aim: Duvessa, wielding a +0 rapier, wearing a +4 ring mail of fire resistance, quivering stones and carrying a wand of quicksilver (sparse dust, almost dead, berserk, 87% to hit)
The blast of sand hits Duvessa.
Duvessa is almost dead.
Casting: Sandblast (safe; 1% risk of failure)
Confirm with . or Enter, or press ? or * to list all spells.
Aiming: Sandblast (safe; 1% risk of failure)
Press: ? - help, Shift-Dir - straight line, f/p - Duvessa
Aim: Duvessa, wielding a +0 rapier, wearing a +4 ring mail of fire resistance, quivering stones and carrying a wand of quicksilver (almost dead, berserk, 87% to hit)
The blast of sand hits Duvessa.
Duvessa is almost dead.
Duvessa hits you with a +0 rapier!!
* * * LOW HITPOINT WARNING * * *
Duvessa hits you with a +0 rapier!
You die...
Fedhas appreciates your contribution to the ecosystem.

.)...# #.....#.#.......#
.....# #######.###.######
.....# #.......#○..##
#....# ##...###.#○#§##
...# #..#.#...#○#§## ..##
####.##.#.#.#.#§##
...#####....##.#.#.#○#§##
......##.#°)##.....#○#§##
......##.#..°°.e@#
......##.#.##.#.##
......##e..##...# ##.#☼##
..........####### ##.#○##
##.>......## ##○#.##
#......#..# ##○#.##
##....###.### ##§#.##
#.##.# #...### ##§#.##
#...># ###...## ##$#.##


You could see Duvessa (berserk).

Vanquished Creatures
  2 ogres (D:4)
  2 scorpions
  Dowan (D:5)
  2 bombardier beetles
  4 hounds
  An orc priest (D:4)
  A gnoll bouda (D:4)
  Jessica (D:3)
  An orc wizard (D:4)
  4 gnolls (D:4)
  3 adders
  2 white imps (D:5)
  2 dart slugs
  2 ribbon worms
  6 orcs
  5 endoplasms
  5 giant cockroaches
  9 goblins
  7 hobgoblins
  4 jackals (D:4)
  7 kobolds
  5 quokkas
  9 ball pythons
  5 bats
  6 frilled lizards
  5 rats
101 creatures vanquished.

Notes
Turn   | Place    | Note
-------+----------+-------------------------------------------
     0 | D:1      | Ozzieoiler the Formicid Earth Elementalist began the quest
                  | for the Orb.
     0 | D:1      | Reached XP level 1. HP: 13/13 MP: 3/3
   148 | D:1      | Reached XP level 2. HP: 19/19 MP: 0/5
   362 | D:1      | Reached skill level 4 in Earth Magic
   427 | D:1      | Reached skill level 1 in Conjurations
   868 | D:1      | Reached XP level 3. HP: 14/24 MP: 0/6
  1708 | D:2      | Found a faded altar of an unknown god.
  1957 | D:2      | Prayed at the altar of an unknown god.
  1957 | D:2      | Became a worshipper of Fedhas Madash
  1957 | D:2      | Reached * piety under Fedhas
  2103 | D:2      | Reached XP level 4. HP: 30/30 MP: 8/8
  2603 | D:3      | Learned a level 3 spell: Passwall
  2759 | D:3      | Found Miotyc's Book Boutique.
  2940 | D:3      | Found Plog's Distillery.
  2945 | D:3      | Reached XP level 5. HP: 35/35 MP: 10/10
  2948 | D:3      | Bought a potion of heal wounds for 50 gold pieces
  2991 | D:3      | Reached skill level 5 in Earth Magic
  2999 | D:3      | Reached ** piety under Fedhas
  3075 | D:3      | Found Muroy's Antique Armour Boutique.
  3133 | D:3      | Noticed Jessica
  3136 | D:3      | Killed Jessica
  3137 | D:3      | Reached skill level 1 in Fighting
  3233 | D:3      | Found Zianug's Antique Weapon Emporium.
  3290 | D:3      | Found Tikhliu's Armour Boutique.
  3635 | D:4      | Noticed an ogre
  3640 | D:4      | Killed an ogre
  3641 | D:4      | Reached XP level 6. HP: 43/43 MP: 12/12
  4091 | D:4      | Reached skill level 6 in Earth Magic
  4091 | D:4      | Reached XP level 7. HP: 48/48 MP: 14/14
  4093 | D:4      | Found Reruid's Antique Armour Boutique.
  4217 | D:4      | Reached skill level 5 in Spellcasting
  4695 | D:4      | Reached *** piety under Fedhas
  4974 | D:4      | Upgraded the game from 0.32-a0-932-g5467873 to
                  | 0.32-a0-933-ga8fa363
  4986 | D:5      | Entered Level 5 of the Dungeon
  4986 | D:5      | Noticed Dowan
  4987 | D:5      | Noticed Duvessa
  5695 | D:5      | Learned a level 4 spell: Brom's Barrelling Boulder
  5708 | D:5      | Reached skill level 7 in Earth Magic
  5708 | D:5      | Reached XP level 8. HP: 43/54 MP: 16/16
  6169 | D:5      | Learned a level 2 spell: Ensorcelled Hibernation
  6694 | D:5      | Killed Dowan
  6697 | D:5      | Slain by Duvessa

Illustrated notes

Levels and vault maps discovered:
D:1:      lemuel_arrival_behind_the_door_small, layout_basic
D:2:      layout_rooms, nicolae_ecumenical_lake_church
D:3:      layout_loops_ring, serial_shops, shop, nicolae_diamond_shop,
          nicolae_shop_peninsula, shop, nicolae_square_shop, uniq_jessica
D:4:      layout_basic, serial_shops, shop, serial_library_hellmonk_filled_rooms
D:5:      lemuel_ice_spiral_2, layout_basic, lightli_temple_of_fire,
          uniq_duvessa

Skill      XL: |  1  2  3  4  5  6  7  8 |
---------------+-------------------------+-----
Earth Magic    | 4 5 6 7 |  7.2
Conjurations   | 1 2 |  2.6
Spellcasting   | 3 4 5 6 |  6.0
Fighting       | 1 |  1.4
Dodging        | 2 |  2.0
Stealth        | 3 |  3.0

Action                     |  1- 3 |  4- 6 |  7- 9 || total
---------------------------+-------+-------+-------++-------
  Melee: Dagger            |     9 |       |       ||     9
   Cast: Sandblast         |    43 |    68 |    58 ||   169
         Brom's Barrelling |       |       |     3 ||     3
    Use: Potion            |       |       |     2 ||     2
         Scroll            |       |       |     6 ||     6
 Armour: Robe              |     9 |    13 |    46 ||    68
  Dodge: Dodged            |    11 |    16 |    25 ||    52

Table legend: (Time is in decaauts)
 A = Elapsed time spent in this place.
 B = Non-inter-level travel time spent in this place.
 C = Inter-level travel time spent in this place.
 D = Time resting spent in this place.
 E = Time spent auto-exploring this place.
 F = Levels seen in this place.
 G = Mean time per level.
                   A        B        C        D        E       F      G
               +--------+--------+--------+--------+--------+-----+--------+
         Total |   6778 |   6687 |     91 |   3652 |   1732 |   5 | 1355.6 |
       Dungeon |   6778 |   6687 |     91 |   3652 |   1732 |   5 | 1355.6 |
               +--------+--------+--------+--------+--------+-----+--------+

Top non-repeatable levels by time:
     D:4: 1996 daAuts
     D:1: 1638 daAuts
     D:5: 1161 daAuts
     D:3: 998 daAuts
     D:2: 984 daAuts
